 Dungeon Crawl Stone Soup version 0.21-a0-185-g3a6ed1e (webtiles) character file.

98 namelastname112 the Magician (level 4, -6/38 HPs)
             Began as a Draconian Wanderer on Aug 12, 2017.
             Mangled by a gnoll
             ... wielding a +0 halberd
              (13 damage)
             ... on level 3 of the Dungeon.
             The game lasted 00:02:17 (1512 turns).

namelastname112 the Magician (Draconian Wanderer)   Turns: 1512, Time: 00:02:17

Health: -6/38      AC:  6    Str: 15    XL:     4   Next: 44%
Magic:  10/10      EV: 12    Int: 12    God:
Gold:   96         SH:  0    Dex: 11    Spells: 11/11 levels left

rFire    . . .     SeeInvis .   q - +0 dagger (venom)
rCold    . . .     Gourm    .   (no shield)
rNeg     . . .     Faith    .   (armour unavailable)
rPois    .         Spirit   .   (helmet restricted)
rElec    .         Reflect  .   l - +0 cloak
rCorr    .         Harm     .   (no gloves)
MR       .....                  (no boots)
Stlth    +.........             (no amulet)
HPRegen  0.12/turn              (no ring)
MPRegen  0.12/turn              (no ring)

@: no status effects
A: unfitting armour, cold-blooded, AC +5
a: no special abilities


You were on level 3 of the Dungeon.
You were not hungry.

You visited 1 branch of the dungeon, and saw 3 of its levels.

You collected 96 gold pieces.

Inventory:

Hand Weapons
 a - a +2 hand axe
 q - a +0 dagger of venom (weapon)
Armour
 l - a +0 cloak (worn)
Scrolls
 e - a scroll of immolation {unknown}
 f - a scroll of enchant weapon {unknown}
 g - 2 scrolls of magic mapping {unknown}
 j - 2 scrolls of teleportation {unknown}
 k - a scroll of fog {unknown}
 o - a scroll of remove curse {unknown}
 p - 2 scrolls of identify {unknown}
Potions
 b - 2 potions of lignification
 h - 3 potions of mutation {unknown}
 i - a potion of might {unknown}
 m - a potion of invisibility {unknown}
 n - 2 potions of flight {unknown}
 s - a potion of magic {unknown}
Comestibles
 c - a bread ration
 d - a royal jelly
 r - a chunk of flesh


   Skills:
 + Level 3.0 Fighting
 - Level 3.0 Axes
 - Level 1.0 Throwing
 + Level 2.5 Dodging
 - Level 4.0 Spellcasting
   Level 1.0 Hexes
   Level 1.0 Evocations


You had 11 spell levels left.
You didn't know any spells.

Dungeon Overview and Level Annotations

Branches:
Dungeon (3/15)

Altars:
Makhleb
Wu Jian


Innate Abilities, Weirdness & Mutations

Your plain brown scales are hard. (AC +5)
You cannot fit into any form of body armour.
You are cold-blooded and may be slowed by cold attacks.


Message History

The gnoll is almost dead.
You kill the gnoll!
Your Fighting skill increases to level 3!
The gnoll closely misses you. The gnoll hits you with a halberd!
Things that are here:
a whip; a gnoll corpse You take 11 damage, and have 16/38 hp.
MASSIVE DAMAGE!!
You are too injured to fight recklessly!
You are too injured to fight recklessly!
You are too injured to fight recklessly!
You hit the gnoll.
The gnoll is poisoned.
The gnoll is moderately wounded.
The gnoll hits you with a halberd!
* * * LOW HITPOINT WARNING * * *
You take 10 damage, and have 6/38 hp.
MASSIVE DAMAGE!!
You hit the gnoll.
The gnoll looks even sicker.
The gnoll is heavily wounded.
The gnoll hits you from afar with a halberd!
You die...

........... ..........#
###..##### #..........
#...# ######
#.........#
#...###....#
#.........#
##...##....# #......#
#)###g........#
####.#.#.†...# #@#
###########
...#.#.#.....###.#
##...#.##........##
##..#....#.##.#..# #
#.....###.##.##(## ..
##.#..# #..#.##..##.#
##.....###..#.###....#
##...#...)##.........##
#..#.#...)()..#.####.#


You could see a gnoll.

Vanquished Creatures
  3 adders
  2 gnolls (D:3)
  3 dart slugs
  A leopard gecko (D:3)
  3 orcs (D:3)
  3 ball pythons
  9 bats
  5 goblins
  6 hobgoblins
  2 frilled lizards
  3 kobolds
  5 rats (D:1)
45 creatures vanquished.

Notes
Turn   | Place    | Note
-------+----------+-------------------------------------------
     0 | D:1      | namelastname112 the Draconian Wanderer began the quest for the Orb.
     0 | D:1      | namelastname112 set off with: a +2 hand axe, a potion of lignification, a bread ration
     0 | D:1      | Reached XP level 1. HP: 14/14 MP: 5/5
    38 | D:1      | Reached skill level 1 in Dodging
    46 | D:1      | Reached XP level 2. HP: 16/22 MP: 7/7
    69 | D:1      | Reached skill level 1 in Fighting
   739 | D:2      | Reached XP level 3. HP: 26/29 MP: 8/8
   768 | D:2      | Found an ornate altar of the Wu Jian Council.
   825 | D:2      | Found a burning altar of Makhleb.
   825 | D:2      | Noticed an Executioner
   828 | D:2      | Noticed a ynoxinul
   828 | D:2      | Noticed a smoke demon
  1495 | D:3      | Reached XP level 4. HP: 37/37 MP: 10/10
  1512 | D:3      | Mangled by a gnoll

Vault maps used:
D:1:      onia_arrival_handbag
D:2:      makhleb_altar_promises_db, lemuel_round_altar

Skill      XL: |  1  2  3  4 |
---------------+-------------+-----
Dodging        | 1 2 |  2.5
Fighting       | 1 2 3 |  3.0
Axes           | |  3.0
Throwing       | |  1.0
Spellcasting   | |  4.0
Hexes          | |  1.0
Evocations     | |  1.0

Action                   |  1- 3 |  4- 6 || total
-------------------------+-------+-------++-------
Melee: Hand axe          |    93 |       ||    93
       Tailslap          |     8 |     1 ||     9
       Dagger            |    36 |    15 ||    51
  Eat: Chunk             |     2 |       ||     2
Armor: Skin              |    47 |     4 ||    51
Dodge: Dodged            |    85 |     8 ||    93
